 Dungeon Crawl Stone Soup version 0.31-a0-133-gaae73658be (webtiles) character file.

Game seed: 8177711763381160131

511 holysushi the Magician (level 7, -4/49 HPs)
             Began as a Djinni Necromancer on June 2, 2023.
             Slain by an ogre
             ... wielding a +0 giant spiked club
              (17 damage)
             ... on level 4 of the Dungeon.
             The game lasted 00:03:57 (2435 turns).

holysushi the Magician (Djinni Necromancer)         Turns: 2435, Time: 00:03:57

Health: -4/49      AC:  2    Str:  7    XL:     7   Next: 43%
Gold:   207        EV: 14    Int: 17    God:
                   SH:  5    Dex: 15

rFire   + + .        (no weapon)
rCold   x . .        (no shield)
rNeg    . . .        a - +0 robe
rPois   ∞            (no helmet)
rElec   .            (no cloak)
rCorr   .            (no gloves)
SInv    .            (boots unavailable)
Will    .....        j - amulet of reflection
Stlth   ++           (no ring)
HPRegen 0.28/turn    (no ring)
MPRegen 0.00/turn

%: reflection, infuse magic (-5 HP)
@: flying, very slightly contaminated
A: sickness immunity, fire resistance 2, cold vulnerability 1, float, innate
caster, HP casting, extra vitality 1
a: no special abilities


You were on level 4 of the Dungeon.
You visited 1 branch of the dungeon, and saw 6 of its levels.

You collected 207 gold pieces.

Inventory:

Hand Weapons
 f - the +1 dagger "Tisax" {vamp, rC+ Will- Dex+3}
   (You found it on level 2 of the Dungeon)

   Dex:       It affects your dexterity (+3).
   rC:        It protects you from cold.
   Will:      It decreases your willpower.
Missiles
 l - a throwing net
Armour
 a - a +0 robe (worn)
Jewellery
 j - an amulet of reflection (around neck)
Wands
 k - a wand of polymorph (7)
Scrolls
 b - 3 scrolls of teleportation
 c - a scroll of identify {unknown}
 e - a scroll of silence {unknown}
 h - a scroll of magic mapping {unknown}
 i - 2 scrolls of enchant weapon {unknown}
 n - a scroll of fear {unknown}
Potions
 d - a potion of might {unknown}
 g - a potion of curing {unknown}
 m - a potion of invisibility {unknown}


   Skills:
 - Level 2.0 Fighting
 - Level 5.0 Dodging
 - Level 2.2 Stealth
 + Level 5.2 Spellcasting
 + Level 5.2 Conjurations
 + Level 5.2 Hexes
 + Level 5.2 Summonings
 + Level 5.2 Necromancy
 + Level 5.2 Translocations
 + Level 5.2 Transmutations
 + Level 5.2 Fire Magic
 + Level 5.2 Ice Magic
 + Level 5.2 Air Magic
 + Level 5.2 Earth Magic
 + Level 5.2 Poison Magic


You knew the following spells:

 Your Spells              Type           Power      Damage    Failure   Level
a - Necrotise             Necr           88%        1d8       1%          1
b - Vampiric Draining     Necr           22%        2d7       4%          3
c - Agony                 Necr           22%        N/A       41%         5
d - Animate Dead          Necr           22%        N/A       16%         4
e - Kiss of Death         Conj/Necr      88%        2d12      1%          1
f - Blink                 Tloc           44%        N/A       2%          2
g - Frozen Ramparts       Ice            44%        1d7       4%          3
Your spell library was empty.

Dungeon Overview and Level Annotations

Branches:
Dungeon (6/15) Zot: 26907
 Temple: D:4-7

Altars:
Nemelex Xobeh


Innate Abilities, Weirdness & Mutations

You are immune to sickness and miasma.
You are immune to poison.
Your flesh is very heat resistant. (rF++)
You are vulnerable to cold. (rC-)
You float through the air rather than walking.
You learn spells naturally, not from books.
Your magical power is your life essence.
You have superior vitality. (+4 MHP)


Message History

Press: ? - help, Shift-Dir - straight line, f/p - ogre
Aim: an ogre, wielding a +0 giant spiked club (lightly wounded)
You miscast Vampiric Draining.
You are very lightly contaminated with residual magic.
Nothing appears to happen.
The hound completely misses you. You block the ogre's attack.
The hound misses you.
Casting: Vampiric Draining (dangerous; 4% risk of failure)
Confirm with . or Enter, or press ? or * to list all spells.
Aiming: Vampiric Draining (dangerous; 4% risk of failure)
Press: ? - help, Shift-Dir - straight line, f/p - ogre
Aim: an ogre, wielding a +0 giant spiked club (lightly wounded)
You draw life force from the ogre.
You feel life coursing into your body. The hound bites you.
The ogre barely misses you.
Casting: Vampiric Draining (dangerous; 4% risk of failure)
Confirm with . or Enter, or press ? or * to list all spells.
Aiming: Vampiric Draining (dangerous; 4% risk of failure)
Press: ? - help, Shift-Dir - straight line, f/p - ogre
Aim: an ogre, wielding a +0 giant spiked club (moderately wounded)
You draw life force from the ogre.
You feel life coursing into your body. The hound bites you but does no damage.
The hound bites you.
* * * LOW HITPOINT WARNING * * *
Casting: Vampiric Draining (dangerous; 4% risk of failure)
Confirm with . or Enter, or press ? or * to list all spells.
Aiming: Vampiric Draining (dangerous; 4% risk of failure)
Press: ? - help, Shift-Dir - straight line, f/p - ogre
Aim: an ogre, wielding a +0 giant spiked club (moderately wounded)
You draw life force from the ogre!
You feel life coursing into your body.
* * * LOW HITPOINT WARNING * * *
The ogre barely misses you. You block the hound's attack.
Casting: Vampiric Draining (dangerous; 4% risk of failure)
Confirm with . or Enter, or press ? or * to list all spells.
Aiming: Vampiric Draining (dangerous; 4% risk of failure)
Press: ? - help, Shift-Dir - straight line, f/p - ogre
Aim: an ogre, wielding a +0 giant spiked club (severely wounded)
You draw life force from the ogre!
You feel life coursing into your body.
* * * LOW HITPOINT WARNING * * *
You block the hound's attack. The hound bites you.
* * * LOW HITPOINT WARNING * * *
The ogre hits you with a +0 giant spiked club!
You die...

###...........#.......#
#+##..#............#
####...#.....###...
#+#.#.#.........
#####.....<...
##...##.... #....# ....
#....#.# .. +..(@Or#
#....h..# #.##...## #.
#....# #. ......# .#
........ . ..?......
......#...


You could see an ogre, a hound and a quokka.

Vanquished Creatures
  A water moccasin (D:6)
  An ice beast (D:6)
  An orc warrior (D:6)
  A bullfrog (D:4)
  A jelly (D:4)
  A hound (D:6)
  2 adders
  2 gnolls
  3 worms (D:2)
  A dart slug (D:2)
  3 orcs (D:6)
  4 ball pythons
  6 bats
  6 endoplasms (D:2)
  2 giant cockroaches (D:1)
  3 hobgoblins (D:3)
  A quokka (D:1)
  7 goblins
  A kobold (D:3)
  5 rats
52 creatures vanquished.

Vanquished Creatures (collateral kills)
  A frilled lizard (D:2)
1 creature vanquished.

Grand Total: 53 creatures vanquished

Notes
Turn   | Place    | Note
-------+----------+-------------------------------------------
     0 | D:1      | holysushi the Djinni Necromancer began the quest for the
                  | Orb.
     0 | D:1      | holysushi set off with the following spells memorised:
                  | Necrotise, Vampiric Draining, Animate Dead, Agony.
     0 | D:1      | Reached XP level 1. HP: 15/15 MP: 0/0
   149 | D:1      | Reached XP level 2. HP: 16/21 MP: 0/0
   727 | D:2      | Reached XP level 3. HP: 24/25 MP: 0/0
   727 | D:2      | Learned a level 1 spell: Kiss of Death
   879 | D:2      | Identified the +1 dagger "Tisax" {vamp, rC+ Will- Dex+3}
  1575 | D:3      | Reached XP level 4. HP: 28/31 MP: 0/0
  1694 | D:3      | Reached skill level 1 in Fighting
  1786 | D:3      | You are sucked into a shaft and drop 3 floors!
  1801 | D:6      | Found a sparkling altar of Nemelex Xobeh.
  1813 | D:6      | Noticed an orc warrior
  1827 | D:6      | Killed an orc warrior
  1828 | D:6      | Reached XP level 5. HP: 10/38 MP: 0/0
  1828 | D:6      | Learned a level 2 spell: Blink
  1916 | D:6      | Reached XP level 6. HP: 31/43 MP: 0/0
  1960 | D:6      | Noticed a water moccasin
  1973 | D:6      | Killed a water moccasin
  2057 | D:6      | Noticed an ice beast
  2066 | D:6      | Killed an ice beast
  2067 | D:6      | Reached skill level 5 in Dodging
  2067 | D:6      | Reached XP level 7. HP: 45/49 MP: 0/0
  2067 | D:6      | Learned a level 3 spell: Frozen Ramparts
  2313 | D:5      | Entered Level 5 of the Dungeon
  2348 | D:4      | Reached skill level 5 in Spellcasting
  2348 | D:4      | Reached skill level 5 in Conjurations
  2348 | D:4      | Reached skill level 5 in Hexes
  2348 | D:4      | Reached skill level 5 in Summonings
  2348 | D:4      | Reached skill level 5 in Necromancy
  2348 | D:4      | Reached skill level 5 in Translocations
  2348 | D:4      | Reached skill level 5 in Transmutations
  2348 | D:4      | Reached skill level 5 in Fire Magic
  2348 | D:4      | Reached skill level 5 in Ice Magic
  2348 | D:4      | Reached skill level 5 in Air Magic
  2348 | D:4      | Reached skill level 5 in Earth Magic
  2348 | D:4      | Reached skill level 5 in Poison Magic
  2435 | D:4      | Slain by an ogre

Illustrated notes

Levels and vault maps discovered:
D:1:      scummos_arrival_star, layout_rooms
D:2:      layout_basic, minmay_misc_feat_rows
D:3:      layout_basic
D:4:      nicolae_cairo_tiling_very_big, layout_cave_pools
D:5:      layout_basic, mainiacjoe_overflow_small_starburst, st_stairs_8
D:6:      layout_layer_cave, lemuel_tele_altar

Skill      XL: |  1  2  3  4  5  6  7 |
---------------+----------------------+-----
Stealth        | 2 |  2.2
Dodging        | 3 4 5 |  5.0
Fighting       | 2 |  2.0
Spellcasting   | 4 5 |  5.2
Conjurations   | 4 5 |  5.2
Hexes          | 4 5 |  5.2
Summonings     | 4 5 |  5.2
Necromancy     | 4 5 |  5.2
Translocations | 4 5 |  5.2
Transmutations | 4 5 |  5.2
Fire Magic     | 4 5 |  5.2
Ice Magic      | 4 5 |  5.2
Air Magic      | 4 5 |  5.2
Earth Magic    | 4 5 |  5.2
Poison Magic   | 4 5 |  5.2

Action                     |  1- 3 |  4- 6 |  7- 9 || total
---------------------------+-------+-------+-------++-------
  Melee: Unarmed           |     1 |       |       ||     1
   Cast: Necrotise         |    83 |    27 |    12 ||   122
         Vampiric Draining |       |     8 |    11 ||    19
    Use: Scroll            |       |     1 |       ||     1
 Armour: Robe              |     4 |     1 |     4 ||     9
  Dodge: Dodged            |    10 |     9 |    10 ||    29
  Block: Other             |       |     2 |     3 ||     5

Table legend: (Time is in decaauts)
 A = Elapsed time spent in this place.
 B = Non-inter-level travel time spent in this place.
 C = Inter-level travel time spent in this place.
 D = Time resting spent in this place.
 E = Time spent auto-exploring this place.
 F = Levels seen in this place.
 G = Mean time per level.
                   A        B        C        D        E       F      G
               +--------+--------+--------+--------+--------+-----+--------+
         Total |   2433 |   2396 |     37 |    148 |   1777 |   6 |  405.5 |
       Dungeon |   2433 |   2396 |     37 |    148 |   1777 |   6 |  405.5 |
               +--------+--------+--------+--------+--------+-----+--------+

Top non-repeatable levels by time:
     D:2: 1034 daAuts
     D:6: 526 daAuts
     D:1: 415 daAuts
     D:3: 335 daAuts
     D:4: 91 daAuts
     D:5: 29 daAuts
